Sharks vs Red Wings

Created - October 22, 2017 at 21:40

Goals
1 2 3 OT1 SO T
Sharks 1 0 0 0 1 1
Red Wings 0 1 0 0 2 2
Shots
1 2 3 OT1 SO T
Sharks 20 4 11 1 5 36
Red Wings 5 10 10 0 5 25

1st period

1. Sharks , Antoine Vermette 1 (Ryane Clowe 1, Cal Clutterbuck 3) at 16:49

Penalties :
Cal Clutterbuck (SJS) for Holding (Minor) at 7:40, Antoine Vermette (SJS) for Hooking (Minor) at 13:51

2nd period

2. Red Wings , Sean Bergenheim 1 (Filip Kuba 1, Philip Samuelsson 1) at 18:58

Penalties :
No Penalty

3rd period

No Goal

Penalties :
Shea Weber (Det) for Roughing (Minor) at 0:18, Boris Valabik (SJS) for Cross-checking (Minor) at 14:18

Overtime #1

No Goal

Penalties :
No Penalty

Shootout

Penalty Shot by Brad Boyes for Sharks - Stopped by Michal Neuvirth
Penalty Shot by Rick Nash for Red Wings - Stopped by Brent Krahn
Penalty Shot by David Legwand for Sharks - Goal!
Penalty Shot by Mike Richards for Red Wings - Stopped by Brent Krahn
Penalty Shot by Derek Boogaard for Sharks - Shot Misses the Net
Penalty Shot by Phil Kessel for Red Wings - Goal!
Penalty Shot by Antoine Vermette for Sharks - Stopped by Michal Neuvirth
Penalty Shot by Shea Weber for Red Wings - Stopped by Brent Krahn
Penalty Shot by Ryane Clowe for Sharks - Shot Hit the Post
Penalty Shot by Sean Bergenheim for Red Wings - Goal!

Penalties :
No Penalty

Goalie Stats

Brent Krahn (SJS), 24 saves from 25 shots - (0.960), OTL, 0-1-1, 65:00 minutes
Michal Neuvirth (Det), 35 saves from 36 shots - (0.972), W, 3-1-1, 65:00 minutes

Players Stats for Sharks

Player Name              G  A  P  +/- PIM S  H  SB GA TA FO     MP     PP MP  PK MP  
------------------------------------------------------------------------------------
Andrej Sekera            0  0  0   1  0   1  0  1  0  0  0/0    15:06   0:00   0:00 
Antoine Vermette         1  0  1   1  2   3  2  0  0  1  6/9    16:48   0:56   0:00 
Boris Valabik            0  0  0   0  2   0  1  2  1  0  0/0    22:12   0:54   1:21 
Brad Boyes               0  0  0   0  0   1  4  1  1  1  1/4    17:55   1:03   0:00 
Cal Clutterbuck          0  1  1   1  2   3  2  1  0  0  0/0    15:02   0:56   0:00 
Chris Campoli            0  0  0   0  0   2  1  2  2  0  0/0    21:55   0:54   2:00 
David Legwand            0  0  0   0  0   0  1  2  0  0  14/25  18:25   1:03   0:00 
Derek Boogaard           0  0  0   0  0   3  0  0  0  0  1/1    19:59   1:03   0:43 
Erik Cole                0  0  0  -1  0   2  1  0  0  0  0/0    14:44   0:00   3:13 
Greg Campbell            0  0  0  -1  0   3  1  0  1  0  2/6    17:54   0:00   1:58 
Kevin Shattenkirk        0  0  0  -1  0   5  5  1  0  0  0/0    26:54   1:05   3:57 
Mark Streit              0  0  0   1  0   1  1  1  1  1  0/0    14:24   0:00   0:39 
Mike Green               0  0  0  -1  0   2  2  1  1  1  0/0    26:54   1:05   3:57 
Nick Palmieri            0  0  0   0  0   4  1  0  0  0  0/0    11:58   0:00   1:58 
Oskar Osala              0  0  0   0  0   2  0  2  0  2  0/0    12:20   0:00   0:46 
Patrick O'Sullivan       0  0  0  -1  0   0  1  0  0  0  0/0    13:01   0:00   0:00 
Ryane Clowe              0  1  1   1  0   2  1  0  0  0  0/0    14:47   0:56   0:00 
T.J. Hensick             0  0  0   0  0   2  2  1  1  0  6/8    13:42   0:00   3:16 

Players Stats for Red Wings

Player Name              G  A  P  +/- PIM S  H  SB GA TA FO     MP     PP MP  PK MP  
------------------------------------------------------------------------------------
Adam Henrique            0  0  0   0  0   4  0  0  0  0  2/3    21:11   2:55   0:00 
Ales Hemsky              0  0  0   0  0   3  1  0  0  0  1/1    10:24   0:00   0:00 
Alex Picard              0  0  0  -1  0   1  2  0  0  0  1/1    12:53   0:00   0:00 
Chris Kelly              0  0  0  -1  0   0  2  0  0  0  1/3    11:25   0:00   0:00 
Filip Kuba               0  1  1   0  0   0  0  3  0  1  0/0    16:07   0:00   0:41 
Jiri Fischer             0  0  0   0  0   0  3  2  0  1  0/0    21:18   1:57   1:18 
Karl Alzner              0  0  0   0  0   1  1  0  2  0  0/0    22:52   1:57   0:29 
Mike Richards            0  0  0   0  0   4  0  0  0  2  9/18   22:04   3:02   0:00 
Nate Thompson            0  0  0   0  0   1  1  0  0  0  2/4     9:25   0:00   0:00 
Nino Niederreiter        0  0  0  -1  0   0  1  1  0  1  0/2    13:17   0:00   1:00 
Oleg Saprykin            0  0  0   0  0   0  1  0  0  1  0/0    10:31   0:00   0:59 
Ole-Kristian Tollefsen   0  0  0   0  0   0  2  2  0  0  0/0    26:23   4:00   0:41 
Phil Kessel              0  0  0   1  0   1  1  2  1  1  0/0    18:52   2:55   0:00 
Philip Samuelsson        0  1  1   0  0   3  1  2  1  0  0/0    16:21   0:00   0:49 
Rick Nash                0  0  0   0  0   3  1  2  0  0  3/7    22:11   3:02   0:13 
Sean Bergenheim          1  0  1   1  0   1  2  2  0  0  0/0    16:32   3:02   0:46 
Shea Weber               0  0  0   0  2   1  2  0  2  1  0/0    25:16   4:00   0:00 
Tyler Johnson            0  0  0   1  0   2  1  1  0  0  4/14   20:58   2:55   1:00 

3 Stars

1 - Michal Neuvirth (Det)
2 - Sean Bergenheim (Det)
3 - Brent Krahn (SJS)

Power Play

Sharks - 0 on 1 Attempt(s) - 0.00%
Red Wings - 0 on 3 Attempt(s) - 0.00%

Penalty Kill

Sharks - 3 on 3 Attempt(s) - 100.00% - Score 0 goal in Penalty Kill
Red Wings - 1 on 1 Attempt(s) - 100.00% - Score 0 goal in Penalty Kill

Team Stat

Sharks - Hits : 26 - Faceoff Wins : 30 - Blocked Shots : 15 - Penalty Minutes : 6
Red Wings - Hits : 22 - Faceoff Wins : 23 - Blocked Shots : 17 - Penalty Minutes : 2

Official

Referees : O'Halloran Dan and Sutherland Kelly
Linesman : Jonny Murray and Mark Shewchyk

Game Notes

No Game Note

Finance

Level 1 -- Attendance: 5332 (88.87%) -- Ticket Income $463,884
Level 2 -- Attendance: 3467 (69.34%) -- Ticket Income $211,487
Level 3 -- Attendance: 1412 (70.60%) -- Ticket Income $59,304
Level 4 -- Attendance: 2920 (73.00%) -- Ticket Income $90,520
Luxury Box -- Attendance: 757 (75.70%) -- Ticket Income $130,961
Game was played at the Joe Louis Arena.
Total Attendance: 13888 (77.16%)
Total Ticket Income: $956,156
Other Income: $143,423
Total Income: $1,099,579

Sharks

5 vs 5 Forward 
   Center                   Left Wing                Right Wing               Time % Phy DF OF 
 1 David Legwand            Derek Boogaard           Brad Boyes               40     1   2  2  
 2 Antoine Vermette         Ryane Clowe              Cal Clutterbuck          30     1   2  2  
 3 Greg Campbell            Erik Cole                Patrick O'Sullivan       20     1   2  2  
 4 T.J. Hensick             Oskar Osala              Nick Palmieri            10     1   2  2  

5 vs 5 Defense 
   Defense                  Defense                                           Time % Phy DF OF 
 1 Mike Green               Kevin Shattenkirk                                 40     1   2  2  
 2 Boris Valabik            Chris Campoli                                     30     1   2  2  
 3 Andrej Sekera            Mark Streit                                       20     1   2  2  
 4 Mike Green               Kevin Shattenkirk                                 10     1   2  2  

PowerPlay Forward 
   Center                   Left Wing                Right Wing               Time % Phy DF OF 
 1 David Legwand            Derek Boogaard           Brad Boyes               60     1   2  2  
 2 Antoine Vermette         Ryane Clowe              Cal Clutterbuck          40     1   2  2  

PowerPlay Defense
   Defense                  Defense                                           Time % Phy DF OF 
 1 Mike Green               Kevin Shattenkirk                                 60     1   2  2  
 2 Boris Valabik            Chris Campoli                                     40     1   2  2  

Penalty Kill 4 Players Forward 
   Center                   Wing                     Time % Phy DF OF 
 1 T.J. Hensick             Erik Cole                60     1   2  2  
 2 Greg Campbell            Nick Palmieri            40     1   2  2  

Penalty Kill 4 Players Defense
   Defense                  Defense                  Time % Phy DF OF 
 1 Mike Green               Kevin Shattenkirk        60     1   2  2  
 2 Boris Valabik            Chris Campoli            40     1   2  2  

Penalty Kill - 3 Players Forward 
   Forward                                           Time % Phy DF OF 
 1 Erik Cole                                         60     1   2  2  
 2 Greg Campbell                                     40     1   2  2  

Penalty Kill - 3 Players Defense
   Defense                  Defense                  Time % Phy DF OF 
 1 Mike Green               Kevin Shattenkirk        60     1   2  2  
 2 Boris Valabik            Chris Campoli            40     1   2  2  

4 vs 4 Forward 
   Center                   Wing                     Time % Phy DF OF 
 1 Brad Boyes               David Legwand            60     1   2  2  
 2 Derek Boogaard           Antoine Vermette         40     1   2  2  

4 vs 4 Defense
   Defense                  Defense                  Time % Phy DF OF 
 1 Mike Green               Kevin Shattenkirk        60     1   2  2  
 2 Boris Valabik            Chris Campoli            40     1   2  2  

Last Minutes Offensive
   Center                   Left Wing                Right Wing               Defense                  Defense                  
   David Legwand            Derek Boogaard           Brad Boyes               Mike Green               Kevin Shattenkirk        

Last Minutes Defensive
   Center                   Left Wing                Right Wing               Defense                  Defense                  
   David Legwand            Derek Boogaard           Brad Boyes               Mike Green               Kevin Shattenkirk        

Goaltenders
Starting : Brent Krahn              
Backup : Frederik Andersen        

Extra Forwards
Normal : Greg Campbell, Patrick O'Sullivan, T.J. Hensick - PP : Greg Campbell, T.J. Hensick - PK : Oskar Osala
Extra Defensemen
Normal : Andrej Sekera, Mark Streit, Boris Valabik - PP : Andrej Sekera - PK : Mark Streit, Boris Valabik
Penalty Shots
Brad Boyes, David Legwand, Derek Boogaard, Antoine Vermette, Ryane Clowe

Scratches
Jordan LaVallee (Healthy), Martin Erat (Healthy), Damien Brunner (Healthy), Carl Gunnarsson (Healthy), Justin Pogge (Healthy)

Red Wings

5 vs 5 Forward 
   Center                   Left Wing                Right Wing               Time % Phy DF OF 
 1 Mike Richards            Adam Henrique            Rick Nash                40     0   2  3  
 2 Tyler Johnson            Sean Bergenheim          Phil Kessel              33     0   2  3  
 3 Chris Kelly              Alex Picard              Nino Niederreiter        20     0   3  2  
 4 Nate Thompson            Oleg Saprykin            Ales Hemsky              7      1   2  2  

5 vs 5 Defense 
   Defense                  Defense                                           Time % Phy DF OF 
 1 Shea Weber               Jiri Fischer                                      35     0   3  2  
 2 Karl Alzner              Ole-Kristian Tollefsen                            35     0   3  2  
 3 Filip Kuba               Philip Samuelsson                                 20     1   3  1  
 4 Filip Kuba               Philip Samuelsson                                 10     1   3  1  

PowerPlay Forward 
   Center                   Left Wing                Right Wing               Time % Phy DF OF 
 1 Rick Nash                Sean Bergenheim          Mike Richards            60     0   1  4  
 2 Tyler Johnson            Adam Henrique            Phil Kessel              40     0   1  4  

PowerPlay Defense
   Defense                  Defense                                           Time % Phy DF OF 
 1 Ole-Kristian Tollefsen   Shea Weber                                        60     0   2  3  
 2 Jiri Fischer             Karl Alzner                                       40     0   2  3  

Penalty Kill 4 Players Forward 
   Center                   Wing                     Time % Phy DF OF 
 1 Tyler Johnson            Nino Niederreiter        50     1   2  2  
 2 Oleg Saprykin            Sean Bergenheim          50     1   2  2  

Penalty Kill 4 Players Defense
   Defense                  Defense                  Time % Phy DF OF 
 1 Shea Weber               Jiri Fischer             50     1   2  2  
 2 Filip Kuba               Ole-Kristian Tollefsen   50     1   2  2  

Penalty Kill - 3 Players Forward 
   Forward                                           Time % Phy DF OF 
 1 Sean Bergenheim                                   60     1   2  2  
 2 Oleg Saprykin                                     40     1   2  2  

Penalty Kill - 3 Players Defense
   Defense                  Defense                  Time % Phy DF OF 
 1 Jiri Fischer             Shea Weber               50     1   2  2  
 2 Filip Kuba               Ole-Kristian Tollefsen   50     1   2  2  

4 vs 4 Forward 
   Center                   Wing                     Time % Phy DF OF 
 1 Mike Richards            Rick Nash                60     1   2  2  
 2 Tyler Johnson            Phil Kessel              40     1   2  2  

4 vs 4 Defense
   Defense                  Defense                  Time % Phy DF OF 
 1 Shea Weber               Karl Alzner              60     1   2  2  
 2 Ole-Kristian Tollefsen   Philip Samuelsson        40     1   2  2  

Last Minutes Offensive
   Center                   Left Wing                Right Wing               Defense                  Defense                  
   Mike Richards            Rick Nash                Phil Kessel              Shea Weber               Ole-Kristian Tollefsen   

Last Minutes Defensive
   Center                   Left Wing                Right Wing               Defense                  Defense                  
   Tyler Johnson            Sean Bergenheim          Rick Nash                Jiri Fischer             Filip Kuba               

Goaltenders
Starting : Michal Neuvirth          
Backup : Ilya Bryzgalov           

Extra Forwards
Normal : Rick Nash, Tyler Johnson, Nino Niederreiter - PP : Nino Niederreiter, Chris Kelly - PK : Rick Nash
Extra Defensemen
Normal : Shea Weber, Ole-Kristian Tollefsen, Philip Samuelsson - PP : Philip Samuelsson - PK : Philip Samuelsson, Karl Alzner
Penalty Shots
Rick Nash, Mike Richards, Phil Kessel, Shea Weber, Sean Bergenheim

Scratches
Brendan Bell (Healthy)

% Time on Ice - Sharks

Lines # - Real PCT - Wanted PCT - Time Play
Normal Forward
1 - 34% - 40% - 17:36
2 - 27% - 30% - 14:07
3 - 22% - 20% - 11:16
4 - 17% - 10% - 9:05
Normal Defense
1 - 36% - 40% - 18:37
2 - 35% - 30% - 18:27
3 - 25% - 20% - 12:53
4 - 4% - 10% - 2:07
PP Forward
1 - 53% - 60% - 1:03
2 - 47% - 40% - 0:56
PP Defense
1 - 55% - 60% - 1:05
2 - 45% - 40% - 0:54
PK Forward
1 - 67% - 60% - 3:59
2 - 33% - 40% - 1:58
PK Defense
1 - 66% - 60% - 3:57
2 - 34% - 40% - 2:00
PK3 Forward
1 - 0% - 60%
2 - 0% - 40%
PK3 Defense
1 - 0% - 60%
2 - 0% - 40%
44 Forward
1 - 82% - 60% - 4:06
2 - 18% - 40% - 0:54
44 Defense
1 - 63% - 60% - 3:08
2 - 37% - 40% - 1:52
Last Minute Offensive  - 0:00
Last Minute Defensive  - 0:00
Total
Forward - 65:00
Defense - 65:00

% Time on Ice - Red Wings

Lines # - Real PCT - Wanted PCT - Time Play
Normal Forward
1 - 34% - 40% - 17:29
2 - 32% - 33% - 16:25
3 - 18% - 20% - 9:34
4 - 17% - 7% - 8:36
Normal Defense
1 - 36% - 35% - 18:59
2 - 35% - 35% - 18:27
3 - 20% - 20% - 10:35
4 - 8% - 10% - 4:03
PP Forward
1 - 51% - 60% - 3:02
2 - 49% - 40% - 2:55
PP Defense
1 - 67% - 60% - 4:00
2 - 33% - 40% - 1:57
PK Forward
1 - 50% - 50% - 1:00
2 - 50% - 50% - 0:59
PK Defense
1 - 66% - 50% - 1:18
2 - 34% - 50% - 0:41
PK3 Forward
1 - 0% - 60%
2 - 0% - 40%
PK3 Defense
1 - 0% - 50%
2 - 0% - 50%
44 Forward
1 - 84% - 60% - 4:12
2 - 16% - 40% - 0:48
44 Defense
1 - 67% - 60% - 3:21
2 - 33% - 40% - 1:39
Last Minute Offensive  - 0:00
Last Minute Defensive  - 0:00
Total
Forward - 65:00
Defense - 65:00

Play by Play

1st period


0:01 of 1st period - David Legwand wins face-off versus Mike Richards in neutral zone.
0:07 of 1st period - Wrist shot by Brad Boyes.
0:07 of 1st period - Stopped by Michal Neuvirth with a rebound.
0:25 of 1st period - Ryane Clowe is hit by Shea Weber.
0:29 of 1st period - Slapshot by Mike Green.
0:29 of 1st period - Deflect By Jiri Fischer.
0:29 of 1st period - Stopped by Michal Neuvirth with a rebound.
0:31 of 1st period - Wrist shot by Chris Campoli.
0:31 of 1st period - Shot Misses the Net.
0:33 of 1st period - Snap shot by Cal Clutterbuck.
0:33 of 1st period - Shot Misses the Net.
0:35 of 1st period - Snap shot by Cal Clutterbuck.
0:35 of 1st period - Stopped by Michal Neuvirth with a rebound.
0:45 of 1st period - Snap shot by T.J. Hensick.
0:45 of 1st period - Deflect By Shea Weber.
0:45 of 1st period - Stopped by Michal Neuvirth with a rebound.
2:32 of 1st period - Boris Valabik is hit by Rick Nash and loses puck.
4:03 of 1st period - Wrist shot by Rick Nash.
4:03 of 1st period - Stopped by Brent Krahn with a rebound.
4:13 of 1st period - Ole-Kristian Tollefsen is hit by Kevin Shattenkirk and loses puck.
4:48 of 1st period - Sean Bergenheim is hit by Mark Streit and loses puck.
5:03 of 1st period - Wrist shot by T.J. Hensick.
5:03 of 1st period - Shot Blocked by Rick Nash.
5:05 of 1st period - Snap shot by Nick Palmieri.
5:05 of 1st period - Shot Misses the Net.
5:07 of 1st period - Backhand shot by Oskar Osala.
5:07 of 1st period - Stopped by Michal Neuvirth without a rebound.
5:08 of 1st period - David Legwand wins face-off versus Chris Kelly in Red Wings zone.
5:56 of 1st period - Jiri Fischer is hit by T.J. Hensick and loses puck.
6:03 of 1st period - Snap shot by T.J. Hensick.
6:03 of 1st period - Shot Misses the Net.
6:05 of 1st period - Snap shot by Andrej Sekera.
6:05 of 1st period - Stopped by Michal Neuvirth with a rebound.
6:07 of 1st period - Backhand shot by Mark Streit.
6:07 of 1st period - Stopped by Michal Neuvirth without a rebound.
6:08 of 1st period - Antoine Vermette wins face-off versus Tyler Johnson in Red Wings zone.
6:15 of 1st period - Snap shot by Cal Clutterbuck.
6:15 of 1st period - Shot Blocked by Sean Bergenheim.
7:21 of 1st period - Snap shot by Cal Clutterbuck.
7:21 of 1st period - Stopped by Michal Neuvirth without a rebound.
7:22 of 1st period - Nate Thompson wins face-off versus Antoine Vermette in Red Wings zone.
7:22 of 1st period - Nate Thompson is hit by Cal Clutterbuck.
7:40 of 1st period - Minor Penalty to Cal Clutterbuck for Holding.
7:41 of 1st period - T.J. Hensick wins face-off versus Rick Nash in Sharks zone.
7:53 of 1st period - Wrist shot by Kevin Shattenkirk.
7:53 of 1st period - Deflect By T.J. Hensick.
7:53 of 1st period - Shot Misses the Net.
7:53 of 1st period - Puck is out of play.
7:54 of 1st period - Rick Nash wins face-off versus T.J. Hensick in Red Wings zone.
7:59 of 1st period - Wrist shot by Mike Richards.
7:59 of 1st period - Stopped by Brent Krahn with a rebound.
8:21 of 1st period - Tyler Johnson is hit by Greg Campbell and loses puck.
9:22 of 1st period - Oskar Osala is hit by Tyler Johnson and loses puck.
9:39 of 1st period - Slapshot by Shea Weber.
9:39 of 1st period - Stopped by Brent Krahn with a rebound.
9:40 of 1st period - Penalty to Cal Clutterbuck is over, Cal Clutterbuck is back on ice.
10:02 of 1st period - Wrist shot by Cal Clutterbuck.
10:02 of 1st period - Shot Misses the Net.
10:04 of 1st period - Slapshot by Kevin Shattenkirk.
10:04 of 1st period - Stopped by Michal Neuvirth without a rebound.
10:05 of 1st period - Chris Kelly wins face-off versus David Legwand in Red Wings zone.
10:31 of 1st period - Nate Thompson is hit by Ryane Clowe and loses puck.
11:20 of 1st period - Greg Campbell is hit by Alex Picard.
11:53 of 1st period - Wrist shot by Ryane Clowe.
11:53 of 1st period - Stopped by Michal Neuvirth with a rebound.
11:55 of 1st period - Snap shot by Chris Campoli.
11:55 of 1st period - Stopped by Michal Neuvirth with a rebound.
11:57 of 1st period - Wrist shot by Mike Green.
11:57 of 1st period - Deflect By Shea Weber.
11:57 of 1st period - Stopped by Michal Neuvirth without a rebound.
11:58 of 1st period - Ales Hemsky wins face-off versus David Legwand in Red Wings zone.
12:10 of 1st period - Slapshot by Mike Green.
12:10 of 1st period - Shot Blocked by Ole-Kristian Tollefsen.
12:41 of 1st period - Slapshot by Kevin Shattenkirk.
12:41 of 1st period - Stopped by Michal Neuvirth with a rebound.
12:47 of 1st period - Wrist shot by Antoine Vermette.
12:47 of 1st period - Stopped by Michal Neuvirth without a rebound.
12:48 of 1st period - Antoine Vermette wins face-off versus Tyler Johnson in Red Wings zone.
12:49 of 1st period - Snap shot by Cal Clutterbuck.
12:49 of 1st period - Deflect By Antoine Vermette.
12:49 of 1st period - Stopped by Michal Neuvirth without a rebound.
12:50 of 1st period - David Legwand wins face-off versus Tyler Johnson in Red Wings zone.
12:53 of 1st period - Snap shot by Brad Boyes.
12:53 of 1st period - Shot Blocked by Filip Kuba.
12:55 of 1st period - Snap shot by Boris Valabik.
12:55 of 1st period - Shot Blocked by Filip Kuba.
12:57 of 1st period - Slapshot by Chris Campoli.
12:57 of 1st period - Shot Blocked by Tyler Johnson.
13:03 of 1st period - Wrist shot by Brad Boyes.
13:03 of 1st period - Shot Misses the Net.
13:05 of 1st period - Slapshot by Chris Campoli.
13:05 of 1st period - Stopped by Michal Neuvirth without a rebound.
13:06 of 1st period - Greg Campbell wins face-off versus Mike Richards in Red Wings zone.
13:18 of 1st period - Off-side.
13:19 of 1st period - David Legwand wins face-off versus Mike Richards in neutral zone.
13:37 of 1st period - Adam Henrique is hit by Kevin Shattenkirk and loses puck.
13:51 of 1st period - Minor Penalty to Antoine Vermette for Hooking.
13:52 of 1st period - T.J. Hensick wins face-off versus Rick Nash in Sharks zone.
14:00 of 1st period - Mike Green is hit by Sean Bergenheim and loses puck.
14:05 of 1st period - Snap shot by Rick Nash.
14:05 of 1st period - Shot Misses the Net.
14:07 of 1st period - Snap shot by Sean Bergenheim.
14:07 of 1st period - Shot Misses the Net.
14:09 of 1st period - Wrist shot by Mike Richards.
14:09 of 1st period - Deflect By Kevin Shattenkirk.
14:09 of 1st period - Shot Blocked by T.J. Hensick.
14:09 of 1st period - Puck is out of play.
14:10 of 1st period - T.J. Hensick wins face-off versus Tyler Johnson in Sharks zone.
14:54 of 1st period - Wrist shot by Kevin Shattenkirk.
14:54 of 1st period - Stopped by Michal Neuvirth with a rebound.
14:56 of 1st period - Snap shot by Nick Palmieri.
14:56 of 1st period - Stopped by Michal Neuvirth with a rebound.
15:12 of 1st period - Chris Campoli is hit by Jiri Fischer and loses puck.
15:23 of 1st period - Wrist shot by T.J. Hensick.
15:23 of 1st period - Shot Misses the Net.
15:51 of 1st period - Penalty to Antoine Vermette is over, Antoine Vermette is back on ice.
16:10 of 1st period - Andrej Sekera is hit by Chris Kelly and loses puck.
16:21 of 1st period - Icing by Ryane Clowe.
16:22 of 1st period - Antoine Vermette wins face-off versus Nate Thompson in Sharks zone.
16:49 of 1st period - Wrist shot by Antoine Vermette.
16:49 of 1st period - Goal by Antoine Vermette - Sharks : 1 - Red Wings : 0.
16:50 of 1st period - Rick Nash wins face-off versus David Legwand in neutral zone.
17:16 of 1st period - Kevin Shattenkirk is hit by Shea Weber and loses puck.
18:08 of 1st period - Wrist shot by T.J. Hensick.
18:08 of 1st period - Shot Misses the Net.
18:15 of 1st period - Off-side.
18:16 of 1st period - David Legwand wins face-off versus Nate Thompson in neutral zone.
18:26 of 1st period - Wrist shot by Shea Weber.
18:26 of 1st period - Deflect By Ales Hemsky.
18:26 of 1st period - Stopped by Brent Krahn without a rebound.
18:27 of 1st period - David Legwand wins face-off versus Mike Richards in Sharks zone.
19:03 of 1st period - Wrist shot by Cal Clutterbuck.
19:03 of 1st period - Shot Misses the Net.
19:05 of 1st period - Snap shot by Kevin Shattenkirk.
19:05 of 1st period - Stopped by Michal Neuvirth without a rebound.
19:06 of 1st period - Tyler Johnson wins face-off versus David Legwand in Red Wings zone.
19:06 of 1st period - Tyler Johnson is hit by Boris Valabik.
19:37 of 1st period - Snap shot by Erik Cole.
19:37 of 1st period - Shot Blocked by Nino Niederreiter.
19:39 of 1st period - Snap shot by Greg Campbell.
19:39 of 1st period - Shot Hit the Post.
19:41 of 1st period - Snap shot by Erik Cole.
19:41 of 1st period - Shot Misses the Net.
19:53 of 1st period - Slapshot by Mike Richards.
19:53 of 1st period - Stopped by Brent Krahn with a rebound.
Goals for this period are 1 for Sharks vs 0 for Red Wings.
Shots for this period are 20 for Sharks vs 5 for Red Wings.

2nd period


0:01 of 2nd period - David Legwand wins face-off versus Mike Richards in neutral zone.
0:34 of 2nd period - Slapshot by Karl Alzner.
0:34 of 2nd period - Shot Misses the Net.
0:36 of 2nd period - Wrist shot by Tyler Johnson.
0:36 of 2nd period - Stopped by Brent Krahn with a rebound.
1:01 of 2nd period - Snap shot by Chris Kelly.
1:01 of 2nd period - Shot Blocked by Andrej Sekera.
1:25 of 2nd period - Shea Weber is hit by T.J. Hensick.
1:29 of 2nd period - Mark Streit is hit by Oleg Saprykin and loses puck.
1:58 of 2nd period - Shea Weber is hit by Nick Palmieri and loses puck.
2:28 of 2nd period - Snap shot by Mark Streit.
2:28 of 2nd period - Shot Blocked by Jiri Fischer.
2:30 of 2nd period - Snap shot by T.J. Hensick.
2:30 of 2nd period - Stopped by Michal Neuvirth with a rebound.
2:32 of 2nd period - Slapshot by Mark Streit.
2:32 of 2nd period - Deflect By Nick Palmieri.
2:32 of 2nd period - Stopped by Michal Neuvirth without a rebound.
2:33 of 2nd period - Mike Richards wins face-off versus David Legwand in Red Wings zone.
3:37 of 2nd period - Rick Nash is hit by Antoine Vermette and loses puck.
4:14 of 2nd period - Wrist shot by Adam Henrique.
4:14 of 2nd period - Shot Misses the Net.
4:16 of 2nd period - Snap shot by Mike Richards.
4:16 of 2nd period - Shot Misses the Net.
4:18 of 2nd period - Snap shot by Mike Richards.
4:18 of 2nd period - Shot Misses the Net.
4:34 of 2nd period - Slapshot by Adam Henrique.
4:34 of 2nd period - Stopped by Brent Krahn with a rebound.
4:44 of 2nd period - Wrist shot by Mike Richards.
4:44 of 2nd period - Shot Misses the Net.
4:46 of 2nd period - Snap shot by Mike Richards.
4:46 of 2nd period - Shot Blocked by Chris Campoli.
4:48 of 2nd period - Wrist shot by Adam Henrique.
4:48 of 2nd period - Shot Blocked by Cal Clutterbuck.
5:18 of 2nd period - Snap shot by Ryane Clowe.
5:18 of 2nd period - Stopped by Michal Neuvirth with a rebound.
5:24 of 2nd period - Chris Campoli is hit by Ole-Kristian Tollefsen and loses puck.
5:39 of 2nd period - Snap shot by Adam Henrique.
5:39 of 2nd period - Stopped by Brent Krahn with a rebound.
5:41 of 2nd period - Slapshot by Karl Alzner.
5:41 of 2nd period - Stopped by Brent Krahn without a rebound.
5:42 of 2nd period - David Legwand wins face-off versus Tyler Johnson in Sharks zone.
6:07 of 2nd period - Mike Green is hit by Chris Kelly and loses puck.
6:20 of 2nd period - Slapshot by Chris Kelly.
6:20 of 2nd period - Shot Misses the Net.
6:40 of 2nd period - Derek Boogaard is hit by Ales Hemsky and loses puck.
7:25 of 2nd period - Snap shot by T.J. Hensick.
7:25 of 2nd period - Shot Blocked by Philip Samuelsson.
8:14 of 2nd period - Alex Picard is hit by Brad Boyes and loses puck.
8:39 of 2nd period - Andrej Sekera is hit by Nate Thompson and loses puck.
9:48 of 2nd period - Chris Kelly is hit by Brad Boyes and loses puck.
10:24 of 2nd period - Jiri Fischer is hit by Kevin Shattenkirk and loses puck.
12:26 of 2nd period - Ole-Kristian Tollefsen is hit by Erik Cole and loses puck.
15:07 of 2nd period - Adam Henrique is hit by Brad Boyes and loses puck.
15:47 of 2nd period - Icing by Greg Campbell.
15:48 of 2nd period - Mike Richards wins face-off versus Greg Campbell in Sharks zone.
16:03 of 2nd period - Ales Hemsky is hit by David Legwand.
16:07 of 2nd period - Wrist shot by David Legwand.
16:07 of 2nd period - Deflect By Brad Boyes.
16:07 of 2nd period - Shot Blocked by Jiri Fischer.
16:07 of 2nd period - Puck is out of play.
16:08 of 2nd period - Tyler Johnson wins face-off versus Antoine Vermette in Red Wings zone.
16:19 of 2nd period - Wrist shot by Tyler Johnson.
16:19 of 2nd period - Stopped by Brent Krahn without a rebound.
16:20 of 2nd period - Rick Nash wins face-off versus David Legwand in Sharks zone.
16:23 of 2nd period - Snap shot by Mike Richards.
16:23 of 2nd period - Shot Misses the Net.
16:47 of 2nd period - Kevin Shattenkirk is hit by Nino Niederreiter and loses puck.
17:20 of 2nd period - Wrist shot by Greg Campbell.
17:20 of 2nd period - Stopped by Michal Neuvirth with a rebound.
17:32 of 2nd period - Slapshot by Philip Samuelsson.
17:32 of 2nd period - Deflect By Adam Henrique.
17:32 of 2nd period - Stopped by Brent Krahn without a rebound.
17:33 of 2nd period - Mike Richards wins face-off versus T.J. Hensick in Sharks zone.
17:48 of 2nd period - Snap shot by Nick Palmieri.
17:48 of 2nd period - Deflect By Oskar Osala.
17:48 of 2nd period - Shot Misses the Net.
17:48 of 2nd period - Puck is out of play.
17:49 of 2nd period - Tyler Johnson wins face-off versus David Legwand in Red Wings zone.
18:39 of 2nd period - Patrick O'Sullivan is hit by Jiri Fischer and loses puck.
18:48 of 2nd period - Snap shot by Phil Kessel.
18:48 of 2nd period - Shot Misses the Net.
18:52 of 2nd period - Snap shot by Phil Kessel.
18:52 of 2nd period - Stopped by Brent Krahn with a rebound.
18:54 of 2nd period - Slapshot by Philip Samuelsson.
18:54 of 2nd period - Deflect By Mike Green.
18:54 of 2nd period - Stopped by Brent Krahn with a rebound.
18:56 of 2nd period - Slapshot by Filip Kuba.
18:56 of 2nd period - Shot Blocked by Kevin Shattenkirk.
18:58 of 2nd period - Slapshot by Sean Bergenheim.
18:58 of 2nd period - Goal by Sean Bergenheim - Sharks : 1 - Red Wings : 1.
18:59 of 2nd period - David Legwand wins face-off versus Mike Richards in neutral zone.
19:33 of 2nd period - Karl Alzner is hit by Cal Clutterbuck and loses puck.
19:50 of 2nd period - Wrist shot by Ales Hemsky.
19:50 of 2nd period - Stopped by Brent Krahn with a rebound.
19:52 of 2nd period - Slapshot by Ales Hemsky.
19:52 of 2nd period - Shot Blocked by Oskar Osala.
Goals for this period are 0 for Sharks vs 1 for Red Wings.
Shots for this period are 4 for Sharks vs 10 for Red Wings.

3rd period


0:01 of 3rd period - David Legwand wins face-off versus Mike Richards in neutral zone.
0:08 of 3rd period - Snap shot by Derek Boogaard.
0:08 of 3rd period - Deflect By David Legwand.
0:08 of 3rd period - Shot Misses the Net.
0:08 of 3rd period - Puck is out of play.
0:09 of 3rd period - Derek Boogaard wins face-off versus Mike Richards in Red Wings zone.
0:14 of 3rd period - Snap shot by Derek Boogaard.
0:14 of 3rd period - Stopped by Michal Neuvirth without a rebound.
0:15 of 3rd period - Mike Richards wins face-off versus Brad Boyes in Red Wings zone.
0:15 of 3rd period - Mike Richards is hit by Brad Boyes.
0:18 of 3rd period - Minor Penalty to Shea Weber for Roughing.
0:19 of 3rd period - David Legwand wins face-off versus Nino Niederreiter in Red Wings zone.
0:33 of 3rd period - Snap shot by Derek Boogaard.
0:33 of 3rd period - Stopped by Michal Neuvirth with a rebound.
1:30 of 3rd period - Ryane Clowe is hit by Ole-Kristian Tollefsen and loses puck.
2:18 of 3rd period - Penalty to Shea Weber is over, Shea Weber is back on ice.
2:27 of 3rd period - Wrist shot by Nick Palmieri.
2:27 of 3rd period - Stopped by Michal Neuvirth without a rebound.
2:28 of 3rd period - T.J. Hensick wins face-off versus Adam Henrique in Red Wings zone.
2:37 of 3rd period - Snap shot by Nick Palmieri.
2:37 of 3rd period - Shot Blocked by Filip Kuba.
2:39 of 3rd period - Snap shot by Nick Palmieri.
2:39 of 3rd period - Stopped by Michal Neuvirth without a rebound.
2:40 of 3rd period - Adam Henrique wins face-off versus Greg Campbell in Red Wings zone.
2:53 of 3rd period - Snap shot by Greg Campbell.
2:53 of 3rd period - Stopped by Michal Neuvirth without a rebound.
2:54 of 3rd period - Brad Boyes wins face-off versus Mike Richards in Red Wings zone.
3:21 of 3rd period - Jiri Fischer is hit by Antoine Vermette and loses puck.
3:54 of 3rd period - Snap shot by Chris Kelly.
3:54 of 3rd period - Shot Blocked by Chris Campoli.
4:10 of 3rd period - Slapshot by Rick Nash.
4:10 of 3rd period - Shot Blocked by Boris Valabik.
4:12 of 3rd period - Snap shot by Mike Richards.
4:12 of 3rd period - Shot Blocked by Boris Valabik.
4:14 of 3rd period - Wrist shot by Rick Nash.
4:14 of 3rd period - Stopped by Brent Krahn without a rebound.
4:15 of 3rd period - David Legwand wins face-off versus Tyler Johnson in Sharks zone.
5:25 of 3rd period - Snap shot by Greg Campbell.
5:25 of 3rd period - Shot Misses the Net.
6:40 of 3rd period - Off-side.
6:41 of 3rd period - David Legwand wins face-off versus Tyler Johnson in neutral zone.
6:48 of 3rd period - Slapshot by Brad Boyes.
6:48 of 3rd period - Shot Blocked by Phil Kessel.
6:54 of 3rd period - Snap shot by Brad Boyes.
6:54 of 3rd period - Shot Misses the Net.
7:17 of 3rd period - Snap shot by Cal Clutterbuck.
7:17 of 3rd period - Stopped by Michal Neuvirth with a rebound.
7:19 of 3rd period - Wrist shot by Ryane Clowe.
7:19 of 3rd period - Shot Blocked by Ole-Kristian Tollefsen.
7:21 of 3rd period - Wrist shot by Cal Clutterbuck.
7:21 of 3rd period - Shot Misses the Net.
7:30 of 3rd period - Off-side.
7:31 of 3rd period - Alex Picard wins face-off versus Greg Campbell in neutral zone.
7:33 of 3rd period - Off-side.
7:34 of 3rd period - Greg Campbell wins face-off versus Chris Kelly in neutral zone.
7:46 of 3rd period - Slapshot by Chris Kelly.
7:46 of 3rd period - Shot Blocked by Mark Streit.
7:48 of 3rd period - Slapshot by Shea Weber.
7:48 of 3rd period - Shot Misses the Net.
7:50 of 3rd period - Wrist shot by Alex Picard.
7:50 of 3rd period - Deflect By Greg Campbell.
7:50 of 3rd period - Stopped by Brent Krahn without a rebound.
7:51 of 3rd period - Mike Richards wins face-off versus David Legwand in Sharks zone.
7:56 of 3rd period - Snap shot by Mike Richards.
7:56 of 3rd period - Shot Blocked by Mike Green.
8:00 of 3rd period - Snap shot by Mike Richards.
8:00 of 3rd period - Stopped by Brent Krahn without a rebound.
8:01 of 3rd period - Mike Richards wins face-off versus David Legwand in Sharks zone.
8:10 of 3rd period - Slapshot by Rick Nash.
8:10 of 3rd period - Deflect By Kevin Shattenkirk.
8:10 of 3rd period - Shot Blocked by Brad Boyes.
8:10 of 3rd period - Puck is out of play.
8:11 of 3rd period - Adam Henrique wins face-off versus David Legwand in Sharks zone.
8:12 of 3rd period - Snap shot by Mike Richards.
8:12 of 3rd period - Shot Misses the Net.
8:42 of 3rd period - Wrist shot by Sean Bergenheim.
8:42 of 3rd period - Shot Misses the Net.
8:44 of 3rd period - Backhand shot by Filip Kuba.
8:44 of 3rd period - Shot Misses the Net.
8:46 of 3rd period - Slapshot by Philip Samuelsson.
8:46 of 3rd period - Stopped by Brent Krahn without a rebound.
8:47 of 3rd period - Antoine Vermette wins face-off versus Tyler Johnson in Sharks zone.
8:51 of 3rd period - Off-side.
8:52 of 3rd period - Tyler Johnson wins face-off versus Antoine Vermette in neutral zone.
9:23 of 3rd period - Wrist shot by Patrick O'Sullivan.
9:23 of 3rd period - Deflect By Greg Campbell.
9:23 of 3rd period - Shot Blocked by Sean Bergenheim.
9:23 of 3rd period - Puck is out of play.
9:24 of 3rd period - Mike Richards wins face-off versus Greg Campbell in Red Wings zone.
9:24 of 3rd period - Mike Richards is hit by Kevin Shattenkirk.
9:54 of 3rd period - Snap shot by Erik Cole.
9:54 of 3rd period - Stopped by Michal Neuvirth with a rebound.
9:56 of 3rd period - Slapshot by Mark Streit.
9:56 of 3rd period - Shot Blocked by Rick Nash.
9:58 of 3rd period - Slapshot by Greg Campbell.
9:58 of 3rd period - Stopped by Michal Neuvirth without a rebound.
9:59 of 3rd period - David Legwand wins face-off versus Tyler Johnson in Red Wings zone.
10:06 of 3rd period - Shea Weber is hit by Mike Green and loses puck.
11:12 of 3rd period - Snap shot by Rick Nash.
11:12 of 3rd period - Shot Hit the Post.
11:24 of 3rd period - Derek Boogaard is hit by Sean Bergenheim and loses puck.
12:05 of 3rd period - Wrist shot by Mike Richards.
12:05 of 3rd period - Stopped by Brent Krahn with a rebound.
12:07 of 3rd period - Snap shot by Adam Henrique.
12:07 of 3rd period - Shot Blocked by Oskar Osala.
12:09 of 3rd period - Slapshot by Philip Samuelsson.
12:09 of 3rd period - Shot Hit the Post.
12:11 of 3rd period - Slapshot by Philip Samuelsson.
12:11 of 3rd period - Stopped by Brent Krahn with a rebound.
12:21 of 3rd period - Oskar Osala is hit by Philip Samuelsson and loses puck.
12:38 of 3rd period - Wrist shot by Nate Thompson.
12:38 of 3rd period - Stopped by Brent Krahn without a rebound.
12:39 of 3rd period - Nate Thompson wins face-off versus David Legwand in Sharks zone.
12:40 of 3rd period - Wrist shot by Ales Hemsky.
12:40 of 3rd period - Stopped by Brent Krahn with a rebound.
13:04 of 3rd period - Kevin Shattenkirk is hit by Jiri Fischer and loses puck.
13:09 of 3rd period - Snap shot by Adam Henrique.
13:09 of 3rd period - Stopped by Brent Krahn without a rebound.
13:10 of 3rd period - Mike Richards wins face-off versus Brad Boyes in Sharks zone.
13:11 of 3rd period - Wrist shot by Rick Nash.
13:11 of 3rd period - Shot Misses the Net.
13:27 of 3rd period - Slapshot by Rick Nash.
13:27 of 3rd period - Stopped by Brent Krahn with a rebound.
14:08 of 3rd period - Snap shot by Erik Cole.
14:08 of 3rd period - Stopped by Michal Neuvirth with a rebound.
14:18 of 3rd period - Minor Penalty to Boris Valabik for Cross-checking.
14:19 of 3rd period - T.J. Hensick wins face-off versus Rick Nash in Sharks zone.
15:15 of 3rd period - Icing by Rick Nash.
15:16 of 3rd period - T.J. Hensick wins face-off versus Rick Nash in Red Wings zone.
16:16 of 3rd period - Phil Kessel is hit by Kevin Shattenkirk and loses puck.
16:18 of 3rd period - Penalty to Boris Valabik is over, Boris Valabik is back on ice.
17:02 of 3rd period - Andrej Sekera is hit by Phil Kessel and loses puck.
17:17 of 3rd period - Snap shot by Derek Boogaard.
17:17 of 3rd period - Stopped by Michal Neuvirth with a rebound.
17:19 of 3rd period - Snap shot by Oskar Osala.
17:19 of 3rd period - Stopped by Michal Neuvirth with a rebound.
17:57 of 3rd period - Snap shot by Oskar Osala.
17:57 of 3rd period - Shot Blocked by Phil Kessel.
17:59 of 3rd period - Wrist shot by Derek Boogaard.
17:59 of 3rd period - Shot Misses the Net.
18:05 of 3rd period - Wrist shot by Derek Boogaard.
18:05 of 3rd period - Shot Misses the Net.
18:15 of 3rd period - Slapshot by Derek Boogaard.
18:15 of 3rd period - Shot Misses the Net.
18:17 of 3rd period - Snap shot by Greg Campbell.
18:17 of 3rd period - Shot Misses the Net.
18:19 of 3rd period - Slapshot by Andrej Sekera.
18:19 of 3rd period - Deflect By Greg Campbell.
18:19 of 3rd period - Shot Blocked by Philip Samuelsson.
18:19 of 3rd period - Puck is out of play.
18:20 of 3rd period - Antoine Vermette wins face-off versus Nino Niederreiter in Red Wings zone.
18:45 of 3rd period - Ryane Clowe is hit by Karl Alzner and loses puck.
19:39 of 3rd period - T.J. Hensick is hit by Alex Picard and loses puck.
Goals for this period are 0 for Sharks vs 0 for Red Wings.
Shots for this period are 11 for Sharks vs 10 for Red Wings.

Overtime #1


0:01 of 1st overtime period - Mike Richards wins face-off versus Brad Boyes in neutral zone.
0:12 of 1st overtime period - Snap shot by Rick Nash.
0:12 of 1st overtime period - Shot Misses the Net.
0:14 of 1st overtime period - Wrist shot by Mike Richards.
0:14 of 1st overtime period - Shot Blocked by David Legwand.
0:16 of 1st overtime period - Wrist shot by Karl Alzner.
0:16 of 1st overtime period - Shot Blocked by David Legwand.
0:54 of 1st overtime period - Mike Richards is hit by Chris Campoli and loses puck.
2:18 of 1st overtime period - Rick Nash is hit by Patrick O'Sullivan and loses puck.
3:34 of 1st overtime period - Snap shot by Kevin Shattenkirk.
3:34 of 1st overtime period - Stopped by Michal Neuvirth with a rebound.
4:10 of 1st overtime period - Icing by Philip Samuelsson.
4:11 of 1st overtime period - Antoine Vermette wins face-off versus Tyler Johnson in Red Wings zone.
4:18 of 1st overtime period - Filip Kuba is hit by Mike Green and loses puck.
Goals for this period are 0 for Sharks vs 0 for Red Wings.
Shots for this period are 1 for Sharks vs 0 for Red Wings.

ShootOut


5:00 of 1st overtime period - Penalty Shot by Brad Boyes for Sharks.
5:00 of 1st overtime period - Wrist shot by Brad Boyes.
5:00 of 1st overtime period - Stopped by Michal Neuvirth.
5:00 of 1st overtime period - Penalty Shot by Rick Nash for Red Wings.
5:00 of 1st overtime period - Snap shot by Rick Nash.
5:00 of 1st overtime period - Stopped by Brent Krahn.
5:00 of 1st overtime period - Penalty Shot by David Legwand for Sharks.
5:00 of 1st overtime period - Deke by David Legwand.
5:00 of 1st overtime period - Goal by David Legwand.
5:00 of 1st overtime period - Penalty Shot by Mike Richards for Red Wings.
5:00 of 1st overtime period - Wrist shot by Mike Richards.
5:00 of 1st overtime period - Stopped by Brent Krahn.
5:00 of 1st overtime period - Penalty Shot by Derek Boogaard for Sharks.
5:00 of 1st overtime period - Backhand shot by Derek Boogaard.
5:00 of 1st overtime period - Shot Misses the Net.
5:00 of 1st overtime period - Penalty Shot by Phil Kessel for Red Wings.
5:00 of 1st overtime period - Backhand shot by Phil Kessel.
5:00 of 1st overtime period - Goal by Phil Kessel.
5:00 of 1st overtime period - Penalty Shot by Antoine Vermette for Sharks.
5:00 of 1st overtime period - Deke by Antoine Vermette.
5:00 of 1st overtime period - Stopped by Michal Neuvirth.
5:00 of 1st overtime period - Penalty Shot by Shea Weber for Red Wings.
5:00 of 1st overtime period - Deke by Shea Weber.
5:00 of 1st overtime period - Stopped by Brent Krahn.
5:00 of 1st overtime period - Penalty Shot by Ryane Clowe for Sharks.
5:00 of 1st overtime period - Wrist shot by Ryane Clowe.
5:00 of 1st overtime period - Shot Hit the Post.
5:00 of 1st overtime period - Penalty Shot by Sean Bergenheim for Red Wings.
5:00 of 1st overtime period - Backhand shot by Sean Bergenheim.
5:00 of 1st overtime period - Goal by Sean Bergenheim.